 Dungeon Crawl Stone Soup version 0.23.1 (webtiles) character file.

Game seed: 1796657698002345151

832 Irenicus the Geomancer (level 7, 0/55 HPs)
             Began as a Deep Dwarf Earth Elementalist on Mar 19, 2019.
             Slain by a scorpion (1 damage)
             ... on level 5 of the Dungeon.
             The game lasted 00:13:29 (2077 turns).

Irenicus the Geomancer (DDEE)                       Turns: 2077, Time: 00:13:29

Health: 0/55       AC:  4    Str:  8 (11) XL:     7   Next: 65%
Magic:  10/12      EV: 12    Int: 15 (18) God:
Gold:   211        SH:  0    Dex: 12 (13) Spells: 9/12 levels left

rFire    . . .     SeeInvis .   k - +0 whip
rCold    . . .     Gourm    .   (no shield)
rNeg     . . .     Faith    .   f - +0 leather armour
rPois    .         Spirit   .   (no helmet)
rElec    .         Reflect  .   (no cloak)
rCorr    .         Harm     .   e - +0 pair of gloves
MR       +....     Rnd*Tele +   (no boots)
Stlth    ++........             (no amulet)
HPRegen  0.00/turn              v - ring of teleportation {+/*tele, !d}
MPRegen  0.13/turn              (no ring)

@: lethally poisoned (0 -> 0), non-regenerating
A: damage resistance, heal wounds, sense surroundings 1, no regeneration
a: Heal Wounds


You were on level 5 of the Dungeon.
You were hungry.

You visited 1 branch of the dungeon, and saw 5 of its levels.

You collected 211 gold pieces.

Inventory:

Hand Weapons
 h - a cursed +0 club
   (You took it off a goblin on level 1 of the Dungeon)
 k - a +0 whip (weapon)
   (You found it on level 1 of the Dungeon)
Armour
 e - a +0 pair of gloves (worn)
   (You found it on level 1 of the Dungeon)
 f - a +0 leather armour (worn)
   (You found it on level 1 of the Dungeon)
Jewellery
 v - a ring of teleportation (left hand) {+/*tele, !d}
   (You found it on level 3 of the Dungeon)
Scrolls
 a - a scroll of identify
 c - 2 scrolls of amnesia
 l - 2 scrolls of remove curse
 m - a scroll of blinking {unknown}
 n - 3 scrolls of magic mapping {unknown}
 o - 3 scrolls of teleportation {unknown}
 r - a scroll of noise {unknown}
 u - a scroll of immolation {unknown}
 w - a scroll of fog {unknown}
 x - a scroll of enchant weapon {unknown}
 y - a scroll of random uselessness {unknown}
Potions
 g - a potion of curing
 s - a potion of might
Comestibles
 d - 12 rations


   Skills:
 - Level 2.1 Dodging
 - Level 2.4 Stealth
 - Level 3.4 Spellcasting
 - Level 0.8 Transmutations
 + Level 10.9 Earth Magic


You had 9 spell levels left.
You knew the following spells:

 Your Spells              Type           Power        Failure   Level  Hunger
a - Sandblast             Erth           #####.       1%          1    None
w - Passwall              Tmut/Erth      ###.....     3%          2    ##.....

Your spell library contained the following spells:

 Spells                   Type           Power        Failure   Level  Hunger
 Stone Arrow              Conj/Erth      ###...       9%          3    ###....
 Lee's Rapid Deconstruct  Erth           #####.....   9%          5    ######.
 Petrify                  Tmut/Erth      ###.....     24%         4    ####...


Dungeon Overview and Level Annotations

Branches:
Dungeon (5/15)
 Temple: D:4-7

Altars:
Dithmenos
Okawaru
Ru
Sif Muna
Zin


Innate Abilities, Weirdness & Mutations

You are resistant to damage.
You can heal yourself by infusing magical energy.
You passively map a small area around you.
You do not regenerate.


Message History

The phantom barely misses you. The adder barely misses you.
You closely miss the adder. The bat hits you but does no damage. x2
The adder bites you but does no damage. The scorpion stings you!
* * * LOW HITPOINT WARNING * * *
You are more poisoned.
The scorpion poisons you!
The phantom blinks!
The adder bites you but does no damage. The scorpion closely misses you.
You take 8 damage, and have 7/55 hp.
You feel much better. The bat hits you but does no damage. x2
The orc closely misses you. The adder bites you but does no damage.
The scorpion stings you!
You regained 17 hp, and now have 24/55 hp.
Okay, then.
You aren't carrying any items that you can evoke.
Unknown command.
It was a potion of ambrosia.
You are confused.
You feel invigorated. The bat hits you. The bat barely misses you.
The phantom passes through a web.
The adder barely misses you. The orc barely misses you.
The scorpion stings you!
You take 3 damage, and have 21/55 hp.
You regained 3 mp, and now have 8/12 mp.
You closely miss the bat. The bat hits you. The adder closely misses you.
The orc hits you with a +0 mace.
The scorpion evades a web.
The adder completely misses you. The scorpion barely misses you.
You regained 6 hp, and now have 27/55 hp.
MP restored: 12 You miss the scorpion.
The bat is caught in a web!
The bat struggles to get unstuck from the web.
The bat pulls away from the web.
The adder bites you but does no damage.
The scorpion stings you but does no damage. x2
The orc hits you but does no damage.
You regained 5 hp, and now have 32/55 hp.
You bump into the rock wall.
The adder bites you. The scorpion misses you. The scorpion closely misses you.
You regained 5 hp, and now have 37/55 hp.
You miss the phantom.
You feel less invigorated.
You feel less confused. The adder closely misses you. The scorpion stings you.
The adder bites you but does no damage. The scorpion closely misses you.
You closely miss the phantom. The adder closely misses you.
The scorpion closely misses you. The scorpion stings you.
The phantom hits you but does no damage.
You take 1 damage, and have 36/55 hp.
You miss the adder. The adder bites you but does no damage.
The scorpion stings you. The scorpion closely misses you. The phantom hits you.
The phantom blinks!
The adder barely misses you.
You take 7 damage, and have 29/55 hp.
You hit the adder.
You kill the adder!
The bat is caught in a web!
The bat pulls away from the web.
The bat barely misses you. The scorpion stings you! The scorpion stings you.
The orc misses you.
You take 7 damage, and have 22/55 hp.
You are feeling hungry.
You closely miss the bat. The bat barely misses you.
The bat is caught in a web!
The bat evades a web.
The scorpion stings you! The scorpion stings you.
You are more poisoned.
The scorpion poisons you!
The bat pulls away from the web.
The orc hits you with a +0 mace.
* * * LOW HITPOINT WARNING * * *
The scorpion stings you!
* * * LOW HITPOINT WARNING * * *
You take 13 damage, and have 9/55 hp.
MASSIVE DAMAGE!!
Okay, then.
You feel better.
You feel a little less clever now. The bat closely misses you.
The bat evades a web.
The scorpion stings you.
* * * LOW HITPOINT WARNING * * *
The bat hits you. The orc misses you. The scorpion stings you.
You regained 5 hp, and now have 14/55 hp.
You barely miss the scorpion. The bat hits you.
The scorpion evades a web.
The scorpion closely misses you. The scorpion stings you.
* * * LOW HITPOINT WARNING * * *
The scorpion stings you!
* * * LOW HITPOINT WARNING * * *
You take 8 damage, and have 6/55 hp.
You feel much better.
You feel a little less mighty now. The orc barely misses you.
The scorpion stings you but does no damage.
The scorpion stings you. x2
You are poisoned.
The scorpion poisons you!
You regained 21 hp, and now have 27/55 hp.
A rock wall.
The scorpion stings you.
The phantom blinks!
The orc hits you with a +0 mace. The scorpion stings you.
You are more poisoned.
The scorpion poisons you! The scorpion misses you.
You begin to meditate on the wall.
You continue meditating on the rock.
The scorpion stings you!
* * * LOW HITPOINT WARNING * * *
The scorpion stings you!
* * * LOW HITPOINT WARNING * * *
The scorpion closely misses you.
You continue meditating on the rock.
The scorpion stings you.
You die...

* , * , * ## * .## * ,* #
, #PP# *, #.* *.P.# * #.
** ##.#P### #### ##!##
,#...^.P# #....*
#....###Wo^...# ..<#* ##
#.#.#@sb.P.######## . ..#
#.###.##ss..####.....#
*#.#
#.###.#.###bb)P).######.#
....##.##>.## ...#.#.#
#.# ...........##
^.^.#.?)# #.#
#....##....# .##.##.###
#.# ##......#..##. ##. .
#.# #......##.#^# . # #.#
........#.##.# * * #.#


You could see a phantom, 3 scorpions, an orc and 3 bats.

Vanquished Creatures
  An ice beast (D:5)
  3 ogres
  2 scorpions
  An orc priest (D:4)
  An orc wizard (D:5)
  7 worker ants
  4 gnolls (D:2)
  7 adders
  An ooze (D:3)
  A worm (D:2)
  A dart slug (D:1)
  3 leopard geckos
  9 orcs
  4 giant cockroaches
  3 goblins
  4 hobgoblins
  4 jackals (D:4)
  A quokka (D:3)
  2 ball pythons
  5 bats
  7 frilled lizards
  7 kobolds
  4 rats
82 creatures vanquished.

Vanquished Creatures (others)
  A rat (D:3)
  7 fungi (D:5)
  2 plants (D:2)
10 creatures vanquished.

Grand Total: 92 creatures vanquished

Notes
Turn   | Place    | Note
-------+----------+-------------------------------------------
     0 | D:1      | Irenicus the Deep Dwarf Earth Elementalist began the quest
                  | for the Orb.
     0 | D:1      | Reached XP level 1. HP: 15/15 MP: 3/3
   322 | D:1      | Reached skill level 2 in Spellcasting
   403 | D:1      | Reached XP level 2. HP: 20/22 MP: 0/5
   768 | D:2      | Reached XP level 3. HP: 26/28 MP: 4/6
   775 | D:2      | Reached skill level 5 in Earth Magic
   834 | D:2      | Reached XP level 4. HP: 11/36 MP: 0/8
   928 | D:2      | Learned a level 2 spell: Passwall
  1005 | D:3      | Reached skill level 3 in Spellcasting
  1087 | D:3      | Found a glowing silver altar of Zin.
  1122 | D:3      | Found a deep blue altar of Sif Muna.
  1167 | D:3      | Found a sacrificial altar of Ru.
  1252 | D:3      | Found a shadowy altar of Dithmenos.
  1471 | D:4      | Reached skill level 6 in Earth Magic
  1471 | D:4      | Reached XP level 5. HP: 13/42 MP: 6/10
  1593 | D:4      | Reached skill level 7 in Earth Magic
  1685 | D:4      | Noticed an ogre
  1687 | D:4      | Killed an ogre
  1687 | D:4      | Reached XP level 6. HP: 15/49 MP: 8/11
  1705 | D:4      | Reached skill level 8 in Earth Magic
  1866 | D:5      | Entered Level 5 of the Dungeon
  1868 | D:5      | Noticed an ice beast
  1869 | D:5      | Reached skill level 9 in Earth Magic
  1871 | D:5      | Found an iron altar of Okawaru.
  1874 | D:5      | HP: 9/49 [ice beast (5)]
  1875 | D:5      | Killed an ice beast
  1875 | D:5      | Reached XP level 7. HP: 10/55 MP: 5/12
  1909 | D:5      | Reached skill level 10 in Earth Magic
  2061 | D:5      | HP: 7/55 [scorpion (8)]
  2071 | D:5      | HP: 9/55 [scorpion (7)]
  2076 | D:5      | HP: 9/55 [scorpion (8)]
  2076 | D:5      | HP: 1/55 [scorpion (8)]
  2077 | D:5      | Slain by a scorpion

Skill      XL: |  1  2  3  4  5  6  7 |
---------------+----------------------+-----
Spellcasting   | 2 3 |  3.4
Earth Magic    | 5 6 7 9 10 | 10.9
Dodging        | |  2.1
Stealth        | |  2.4
Transmutations | |  0.8

Action                   |  1- 3 |  4- 6 |  7- 9 || total
-------------------------+-------+-------+-------++-------
Melee: Unarmed           |     5 |       |       ||     5
       Whip              |    19 |       |    29 ||    48
 Cast: Sandblast         |    40 |    65 |    19 ||   124
       Passwall          |       |     4 |     4 ||     8
 Abil: Heal Wounds       |       |       |     1 ||     1
  Use: Scroll            |       |     4 |       ||     4
       Potion            |       |       |    10 ||    10
  Eat: Chunk             |       |     3 |     1 ||     4
Armor: Leather armour    |    30 |     5 |    81 ||   116
Dodge: Dodged            |    69 |    12 |   128 ||   209

Levels and vault maps discovered:
D:1:      shiori_shiawase, layout_loops_ring
D:2:      layout_basic, kennysheep_minor_cross, serial_bayou_ford_a
D:3:      layout_basic, led_sif_pool, lemuel_doored_altar, lemuel_round_altar,
          nicolae_ru_sacrificial_ziggurat, lemuel_flame_loot_1
D:4:      layout_rooms, first_ration
D:5:      old_forge, layout_loops_ring, nicolae_qazlal_eye_of_the_storm,
          okawaru_ov_weapons_minmay, minmay_fractal_squares_diagonal_5,
          uniq_menkaure, uniq_edmund

Table legend:
 A = Turns spent in this place as a percentage of turns spent in the entire game.
 B = Non-inter-level travel turns spent in this place as a percentage of non-inter-level travel turns spent in the entire game.
 C = Inter-level travel turns spent in this place as a percentage of turns spent in this place.
 D = Turns resting spent in this place as a percentage of non-inter-level travel turns spent in this place.
 E = Turns spent auto-exploring this place as a percentage of non-inter-level travel turns spent in this place.
 F = Non-inter-level travel turns spent in this place divided by the number of levels of this place that you've seen.
                   A       B       C       D       E      F
               +-------+-------+-------+-------+-------+----------------------
         Total | 100.0 | 100.0 |   0.0 |   0.0 |   0.0 | 415.4
       Dungeon | 100.0 | 100.0 |   0.0 |   0.0 |   0.0 | 415.4
               +-------+-------+-------+-------+-------+----------------------

Table legend:
 A = Kills in this place as a percentage of kills in entire the game.
 B = Kills by you in this place as a percentage of kills by you in the entire game.
 C = Kills by friends in this place as a percentage of kills by friends in the entire game.
 D = Other kills in this place as a percentage of other kills in the entire game.
 E = Experience gained in this place as a percentage of experience gained in the entire game.
 F = Experience gained in this place divided by the number of levels of this place that you have seen.
                   A       B       C       D       E      F
               +-------+-------+-------+-------+-------+----------------------
         Total | 100.0 | 100.0 |   N/A |   N/A | 100.0 | 237.8
       Dungeon | 100.0 | 100.0 |   N/A |   N/A | 100.0 | 237.8
               +-------+-------+-------+-------+-------+----------------------
